 Dungeon Crawl Stone Soup version 0.30-a0-1094-g860fb061e7 (webtiles) character file.

Game seed: 5834108219174309980

1 qeuew the Trooper (level 1, -2/18 HPs)
             Began as a Demonspawn Berserker on Apr 17, 2023.
             Was a Follower of Trog.
             Slain by a ball python (3 damage)
             ... on level 1 of the Dungeon.
             The game lasted 00:00:08 (27 turns).

qeuew the Trooper (Demonspawn Berserker)              Turns: 27, Time: 00:00:09

Health: -2/18      AC:  2    Str: 17    XL:     1   Next: 16%
Magic:  1/1        EV:  9    Int:  8    God:    Trog [*.....]
Gold:   0          SH:  0    Dex: 12    Spells: 0/0 levels left

rFire   . . .      SeeInvis .    a - +0 mace
rCold   . . .      Faith    .    (no shield)
rNeg    . . .      Spirit   .    b - +0 animal skin
rPois   .          Reflect  .    (no helmet)
rElec   .          Rampage  .    (no cloak)
rCorr   .                        (no gloves)
Will    .....                    (no boots)
Stlth   +                        (no amulet)
HPRegen 0.23/turn                (no ring)
MPRegen 0.07/turn                (no ring)

@: constricted
A: no striking features
a: Renounce Religion, Berserk


You were on level 1 of the Dungeon.
You worshipped Trog.
Trog was aware of your devotion.
You visited 1 branch of the dungeon, and saw 1 of its levels.

Inventory:

Hand Weapons
 a - a +0 mace (weapon)
Armour
 b - a +0 animal skin (worn)


   Skills:
 + Level 3.0 Fighting
 * Level 2.7 Maces & Flails
 + Level 1.8 Armour
 + Level 1.8 Dodging


You couldn't memorise any spells.
You didn't know any spells.
Your spell library was empty.

Dungeon Overview and Level Annotations

Branches:
Dungeon (1/15)

Altars:


Message History

You are too injured to fight recklessly!
You closely miss the kobold. The kobold hits you but does no damage.
The kobold misses you.
You hit the kobold.
The kobold is moderately wounded.
The kobold completely misses you.
You hit the kobold.
You kill the kobold!
Trog accepts your kill. The ball python barely misses you.
The ball python misses you.
You hit the ball python.
The ball python is moderately wounded.
The ball python misses you. The ball python grabs you.
The ball python constricts you.
You hit the ball python.
You kill the ball python!
Trog accepts your kill. The hobgoblin hits you. x2
* * * LOW HITPOINT WARNING * * *
Things that are here:
a +0 short sword; 3 stones; a ball python corpse The hobgoblin attacks as you move away!
The hobgoblin barely misses you.
A ball python comes into view.
The ball python hisses angrily.
You closely miss the hobgoblin. The ball python closely misses you. x2
The hobgoblin barely misses you. x2; The ball python misses you.
The ball python barely misses you.
You hit the hobgoblin.
The hobgoblin is almost dead.
The ball python misses you. The ball python closely misses you.
The hobgoblin closely misses you. The hobgoblin barely misses you.
You hit the hobgoblin but do no damage.
The hobgoblin is almost dead.
The ball python barely misses you. The ball python grabs you.
The ball python constricts you. The hobgoblin hits you.
* * * LOW HITPOINT WARNING * * *
The hobgoblin hits you.
* * * LOW HITPOINT WARNING * * *
The ball python bites you.
You die...

.. P . ##. ..# .. .
#.#######....# .#.
#.S.....+.....
.....#@#######....#
#.#....gg...........
.....##.#.#........#
#### #.............
#.###......#
#+#....###..#
.....##.#
......##.## .....
#...#


You could see 2 hobgoblins and a ball python.

Vanquished Creatures
  A ball python (D:1)
  A kobold (D:1)
2 creatures vanquished.

Vanquished Creatures (others)
  A fungus (D:1)
1 creature vanquished.

Grand Total: 3 creatures vanquished

Notes
Turn   | Place    | Note
-------+----------+-------------------------------------------
     0 | D:1      | qeuew the Demonspawn Berserker began the quest for the Orb.
     0 | D:1      | Reached XP level 1. HP: 18/18 MP: 1/1
    27 | D:1      | Slain by a ball python

Illustrated notes

Levels and vault maps discovered:
D:1:      eino_arrival_tree_alley, layout_basic, shapermc_ecumenical_altar_gd,
          glass_columns_a, solitary_fountain

Action                     || total
---------------------------++-------
  Melee: Mace              ||    11
 Armour: Animal skin       ||     1
  Dodge: Dodged            ||    20

Table legend: (Time is in decaauts)
 A = Elapsed time spent in this place.
 B = Non-inter-level travel time spent in this place.
 C = Inter-level travel time spent in this place.
 D = Time resting spent in this place.
 E = Time spent auto-exploring this place.
 F = Levels seen in this place.
 G = Mean time per level.
                   A        B        C        D        E       F      G
               +--------+--------+--------+--------+--------+-----+--------+
         Total |     29 |     29 |      0 |      0 |     11 |   1 |   29.0 |
       Dungeon |     29 |     29 |      0 |      0 |     11 |   1 |   29.0 |
               +--------+--------+--------+--------+--------+-----+--------+

Top non-repeatable levels by time:
     D:1: 29 daAuts
